 Dungeon Crawl Stone Soup version 0.21.1-1-g345015fe64 (webtiles) character file.

306062 Peloso the Hoplite (level 20, 0/184 HPs)
             Began as a Minotaur Fighter on June 30, 2018.
             Was the Champion of Okawaru.
             Killed from afar by a raiju (15 damage)
             ... with a living lightning
             ... on level 3 of the Abyss.
             The game lasted 02:22:22 (51547 turns).

Peloso the Hoplite (Minotaur Fighter)              Turns: 51547, Time: 02:22:22

Health: 0/184      AC: 27    Str: 32    XL:     20   Next: 29%
Magic:  20/20      EV: 11    Int:  9    God:    Okawaru [******]
Gold:   3631       SH: 36    Dex: 13    Spells: 19/19 levels left

rFire    . . .     SeeInvis +   m - +8 double sword (flame)
rCold    . . .     Gourm    .   L - +8 large shield of Indecent Exposure {Regen+ Int+4 SInv}
rNeg     . . .     Faith    +   K - +2 plate armour {rPois}
rPois    +         Spirit   .   Z - +2 hat {MR+}
rElec    .         Reflect  .   M - scarf {cloud immunity}
rCorr    +         Harm     .   u - +1 pair of gloves {Str+3}
MR       +++..                  o - +1 pair of boots of the Pit {Str+2}
Stlth    ..........             N - amulet of faith
HPRegen  0.80/turn              i - ring of protection from magic
MPRegen  0.17/turn              R - ring of resist corrosion

@: no status effects
A: retaliatory headbutt, horns 2
}: 2/15 runes: decaying, serpentine
a: Heroism, Finesse, Renounce Religion


You were on level 3 of the Abyss.
You worshipped Okawaru.
Okawaru was exalted by your worship.
You were very hungry.

You visited 8 branches of the dungeon, and saw 36 of its levels.
You visited the Abyss 1 time.
You also visited: Ossuary and Ice Cave.

You collected 4266 gold pieces.
You spent 635 gold pieces at shops.

Inventory:

Hand Weapons
 b - the +5 long sword of Cheibriados {flame, rF+ Int+6 SInv}
   (You bought it in a shop on level 2 of the Orcish Mines)

   It has been specially enchanted to burn those struck by it, causing extra
   injury to most foes and up to half again as much damage against particularly
   susceptible opponents.
   Big, fiery blades are also staple armaments of hydra-hunters.
   It affects your intelligence (+6).
   It protects you from fire.
   It lets you see invisible.
 m - a +8 double sword of flaming (weapon)
 s - the +1 hand crossbow of the People {flame, rF+ rC+ Int+2}
   (You found it on level 2 of the Snake Pit)

   It causes projectiles fired from it to burn those they strike, causing extra
   injury to most foes and up to half again as much damage against particularly
   susceptible opponents.
   It affects your intelligence (+2).
   It protects you from fire.
   It protects you from cold.
 A - the +2 scimitar of Light {holy, *Rage rC+ Int+5}
   (Okawaru gifted it to you on level 2 of the Elven Halls)

   It has been blessed by the Shining One to cause great damage to the undead
   and demons.
   It affects your intelligence (+5).
   It protects you from cold.
   It may make you go berserk in combat.
 G - the +8 spear "Peloso's Bane" {holy, rPois MP+9 Str-3 Dex+3, unknown}
   (You took it off an ironheart preserver on level 1 of the Vaults)

   It has been blessed by the Shining One to cause great damage to the undead
   and demons.
   It affects your strength (-3).
   It affects your dexterity (+3).
   It protects you from poison.
   It affects your magic capacity (+9).
 X - the +0 long sword "Unakourr" {slice, rElec Str+4 Int-5}
   (You found it on level 3 of the Abyss)

   It inflicts extra damage upon your enemies.
   It affects your strength (+4).
   It affects your intelligence (-5).
   It insulates you from electricity.
Armour
 o - the +1 pair of boots of the Pit (worn) {Str+2}
   (Okawaru gifted it to you on level 15 of the Dungeon)

   It affects your strength (+2).
 t - a +1 cloak
 u - a +1 pair of gloves of strength (worn)
 x - a scarf of spirit shield
 y - a +2 shield of protection
 I - a +2 large shield of reflection
 K - a +2 plate armour of poison resistance (worn)
 L - the +8 large shield of Indecent Exposure (worn) {Regen+ Int+4 SInv}
   (Okawaru gifted it to you on level 1 of the Vaults)

   It affects your intelligence (+4).
   It lets you see invisible.
   It increases your rate of regeneration.
 M - a scarf of cloud immunity (worn)
 Z - a +2 hat of magic resistance (worn)
Jewellery
 i - a ring of protection from magic (left hand)
 H - an uncursed ring of flight
 N - an amulet of faith (around neck)
 R - a ring of resist corrosion (right hand)
 U - a +2 ring of evasion
 V - an uncursed ring of see invisible
Wands
 a - a wand of polymorph (21)
 r - a wand of iceblast (18)
 v - a wand of disintegration (6)
 D - a wand of digging (10)
 E - a wand of clouds (3)
Scrolls
 d - a scroll of summoning
 h - 18 scrolls of remove curse
 j - 7 scrolls of teleportation
 k - 2 scrolls of fear
 n - 2 scrolls of enchant armour
 w - 4 scrolls of magic mapping
 B - 8 scrolls of identify
 C - 2 scrolls of amnesia
 O - 4 scrolls of fog
 S - a scroll of brand weapon
Potions
 c - 2 potions of heal wounds
 e - 5 potions of might
 g - 21 potions of curing
 l - 4 potions of flight
 p - 4 potions of agility
 q - 4 potions of invisibility
 z - 3 potions of berserk rage
 F - a potion of resistance
 J - a potion of ambrosia
 Q - a potion of haste
Books
 P - a book of Clouds

   Spells                             Type                      Level
   a - Poisonous Vapours              Poison/Air                   2
   b - Mephitic Cloud                 Conjuration/Poison/Air       3
   c - Conjure Flame                  Conjuration/Fire             3
   d - Freezing Cloud                 Conjuration/Ice/Air          6
   e - Ring of Flames                 Charms/Fire                  7
 T - the Guide on Combat Magic
   (You found it on level 1 of the Elven Halls)

   Spells                             Type                      Level
   a - Throw Flame                    Conjuration/Fire             2
   b - Mephitic Cloud                 Conjuration/Poison/Air       3
   c - Bolt of Magma                  Conjuration/Fire/Earth       5
 W - a book of Minor Magic

   Spells                             Type                      Level
   a - Magic Dart                     Conjuration                  1
   b - Blink                          Translocation                2
   c - Call Imp                       Summoning                    2
   d - Slow                           Hexes                        2
   e - Conjure Flame                  Conjuration/Fire             3
   f - Mephitic Cloud                 Conjuration/Poison/Air       3
Comestibles
 f - 57 rations


   Skills:
 + Level 17.5 Fighting
   Level 10.1(14.5) Short Blades
 + Level 18.1(19.0) Long Blades
   Level 4.2 Maces & Flails
 + Level 16.5 Armour
 + Level 5.0 Dodging
 + Level 3.0 Stealth
 + Level 26.2 Shields
 + Level 1.7 Invocations
 + Level 1.4 Evocations


You had 19 spell levels left.
You didn't know any spells.

Dungeon Overview and Level Annotations

Branches:
Dungeon (15/15)            Temple (1/1) D:4            Lair (6/6) D:10
  Swamp (4/4) Lair:4        Snake (4/4) Lair:4        Slime (0/5) Lair:5
    Orc (2/2) D:12            Elf (3/3) Orc:2        Vaults (1/5) D:14
 Depths (0/5) D:15

Altars:
Ashenzari
Cheibriados
Dithmenos
Elyvilon
Fedhas
Gozag
Hepliaklqana
Kikubaaqudgha
Makhleb
Nemelex Xobeh
Okawaru
Qazlal
Ru
Sif Muna
Trog
Uskayaw
Vehumet
Wu Jian
Xom
Yredelemnul
Zin
The Shining One
Beogh
Jiyva

Shops:
D:4 ?   D:11 [   Orc:2 *(=[


Innate Abilities, Weirdness & Mutations

You reflexively headbutt those who attack you in melee.
You have a pair of horns on your head.


Message History

Okawaru accepts your kill.
Unknown command.
The raiju bursts into living lightning!
The living lightning misses you. The living lightning hits you!
* * * LOW HITPOINT WARNING * * *
The raiju blinks!
You barely miss the raiju. You block the raiju's attack.
Unknown command.
You slice the raiju!! You burn the raiju. You headbutt the raiju.
The raiju is severely wounded.
You block the raiju's attack.
Unknown command.
You barely miss the raiju.
The raiju is severely wounded.
Unknown command.
You closely miss the raiju. Your headbutt misses the raiju.
The raiju is severely wounded.
The raiju bursts into living lightning!
The living lightning misses you. The living lightning hits you!
You die...

# #. . .##
...#.##.###_...#
. # ...#..#..# .
[ # ###.#... . .
. #. .##.)# #.
.#.. . #.#..##
.# . #.#..###ยง
. .###..# .##5
##. #.h@###h#..
# ##.#..# ..##.#
#...####.#..# #.
.## #...h... # #
##..# # #....#.
. # # . ..#
##.#.# #. .


You could see a raiju.

Vanquished Creatures
  the Lernaean hydra (Swamp:4)
  Nikola (Snake:1)
  A bone dragon (Abyss:3)
  Agnes (D:15)
  A sphinx (Vaults:1)
  Donald (Elf:1)
  8 nagarajas
  A thorn hunter (Swamp:2)
  A fire giant (Orc:1)
  4 vault wardens (Vaults:1)
  2 orc warlords (Orc:2)
  Louise (D:15)
  5 ironheart preservers (Vaults:1)
  A ghoul (Vaults:1)
  5 very ugly things
  A deep elf demonologist (Elf:3)
  Azrael (D:12)
  A deep elf annihilator (Elf:1)
  Josephine (Lair:5)
  A minotaur (shapeshifter) (Elf:2)
  2 fire dragons
  A deep elf death mage (Elf:3)
  5 ogre magi
  An ettin (Orc:1)
  A yaktaur captain (Vaults:1)
  3 great orbs of eyes (Vaults:1)
  An ice dragon (shapeshifter) (Vaults:1)
  Harold (Orc:1)
  A rakshasa (D:14)
  22 hydras
  3 ice dragons
  2 ghost crabs
  15 naga warriors
  2 death knights (Vaults:1)
  2 vault guards (D:14)
  22 two-headed ogres
  A centaur warrior (Vaults:1)
  9 anacondas
  7 alligators
  12 death yaks
  23 dancing weapons
  2 titan zombies (Orc:1)
  11 naga sharpshooters
  An orc high priest (Orc:2)
  Urug (Lair:4)
  9 shock serpents
  14 deep elf knights
  3 skeletal warriors (D:13)
  A wretched star (Abyss:3)
  5 starcursed masses (Abyss:3)
  2 salamander mystics
  A large abomination (Abyss:3)
  9 sea snakes
  18 swamp dragons
  An obsidian statue (D:15)
  2 naga ritualists
  12 deep elf archers
  3 wizards (D:14)
  3 ironbrand convokers (Vaults:1)
  5 mana vipers
  6 orc knights
  A phantasmal warrior (Vaults:1)
  3 necromancers
  2 wolf spider zombies
  52 deep elf magi
  A sphinx skeleton (Vaults:1)
  22 ugly things
  A stone giant zombie (Orc:1)
  2 orc sorcerers (Orc:2)
  2 wolf spiders (Vaults:1)
  A tengu skeleton (Vaults:1)
  8 salamanders
  16 cyclopes
  Joseph (D:8)
  An apocalypse crab (Abyss:3)
  A torpor snail (Lair:4)
  5 vault sentinels (Vaults:1)
  12 naga magi
  29 black mambas
  2 ice statues
  7 guardian serpents
  2 gargoyles
  18 spiny frogs
  A spiny frog (shapeshifter) (Elf:2)
  11 yaktaurs (Vaults:1)
  5 centaur skeletons
  3 demonic crawlers (Elf:2)
  A rime drake (Lair:4)
  4 komodo dragons
  2 efreet
  12 freezing wraiths
  A komodo dragon (shapeshifter) (Vaults:1)
  6 trolls
  6 polar bears
  5 bog bodies
  9 tyrant leeches
  16 hornets
  3 raiju (Abyss:3)
  16 blink frogs
  A hippogriff (shapeshifter) (Elf:1)
  26 slime creatures
  10 dream sheep
  13 hippogriffs
  Sigmund (D:3)
  7 water elementals
  3 air elementals
  7 shadows
  3 wyverns
  3 wraiths (Lair:5)
  A vampire (D:12)
  16 humans
  54 yaks
  20 spriggans
  5 basilisks
  8 fire elementals
  Grum (D:9)
  6 hungry ghosts
  2 death yak simulacra (IceCv)
  20 vampire mosquitoes
  6 wargs
  Menkaure (D:5)
  19 swamp worms
  Edmund (D:5)
  59 nagas
  3 acid dragons
  10 insubstantial wisps
  A soldier ant (D:15)
  13 water moccasins
  2 hell hounds (D:13)
  3 sky beasts
  12 porcupines
  14 swamp drakes
  Duvessa (D:7)
  26 ice beasts
  35 orc warriors
  6 black bears
  An eye of draining (D:13)
  A necrophage (D:8)
  2 phantoms
  5 boggarts
  14 centaurs
  27 wolves
  17 ogres
  A human skeleton (Vaults:1)
  6 crocodiles
  A big kobold (D:12)
  12 bullfrogs
  Blork the orc (D:5)
  A cyclops zombie (Orc:1)
  2 earth elementals (Elf:1)
  Dowan (D:7)
  4 scorpions
  A wyvern skeleton (D:9)
  4 killer bees (D:10)
  3 wights (D:11)
  7 electric eels
  A howler monkey (D:5)
  2 vampire bats (Lair:2)
  6 crimson imps
  4 centaur zombies
  A quasit (D:13)
  A bullfrog zombie (D:10)
  A lava snake (Orc:1)
  4 jellies
  6 bullfrog skeletons
  20 orc priests
  5 draconian simulacra (IceCv)
  11 hounds
  23 orc wizards
  Jessica (D:2)
  Ijyb (D:3)
  Terence (D:3)
  6 iguanas
  Natasha (thrice) (D:3)
  11 worker ants
  2 troll simulacra (IceCv)
  3 spriggan simulacra (IceCv)
  A polar bear simulacrum (IceCv)
  A wolf simulacrum (IceCv)
  A killer bee zombie (D:5)
  A centaur simulacrum (IceCv)
  A hound zombie (D:7)
  3 hound skeletons (D:8)
  3 mummies (Ossuary)
  2 worker ant zombies
  Robin (D:2)
  8 gnolls
  A howler monkey skeleton (D:8)
  12 adders
  4 naga simulacra (IceCv)
  5 ogre simulacra (IceCv)
  6 shadow imps
  13 white imps
  An ufetubus (Abyss:3)
  3 oozes
  An adder zombie (D:6)
  4 adder skeletons
  2 dart slugs
  5 leopard geckos
  103 orcs
  20 bats
  6 giant cockroaches
  3 gnoll zombies (Ossuary)
  13 goblins
  7 hobgoblins
  5 jackals
  3 quokkas
  2 ball pythons
  2 frilled lizards
  3 gnoll skeletons (Ossuary)
  2 goblin skeletons (Ossuary)
  2 goblin zombies (Ossuary)
  5 hobgoblin skeletons (Ossuary)
  5 hobgoblin zombies (Ossuary)
  14 kobolds
  3 kobold skeletons (Ossuary)
  A kobold zombie (Ossuary)
  A leopard gecko skeleton (D:4)
  An orc zombie (Ossuary)
  9 rats
  A rat skeleton (Ossuary)
  5 rat zombies (Ossuary)
  2 briar patches (Swamp:2)
  A fungus (Lair:1)
  A plant (Lair:2)
1516 creatures vanquished.

Vanquished Creatures (others)
  Asterion (Elf:1)
  2 hydras
  A centaur warrior (D:15)
  A deep elf knight (Elf:2)
  2 naga sharpshooters (Snake:2)
  A necromancer (D:14)
  4 cyclopes (Orc:1)
  2 centaurs
  A mummy (Ossuary)
  2 gnoll zombies (Ossuary)
  A goblin skeleton (Ossuary)
  2 goblin zombies (Ossuary)
  2 hobgoblin skeletons (Ossuary)
  3 hobgoblin zombies (Ossuary)
  3 kobold skeletons (Ossuary)
  3 orc skeletons (Ossuary)
  An orc zombie (Ossuary)
  2 rat skeletons (Ossuary)
  A bush (Lair:2)
  2 fungi
  4 plants
41 creatures vanquished.

Grand Total: 1557 creatures vanquished

Notes
Turn   | Place    | Note
-------+----------+-------------------------------------------
     0 | D:1      | Peloso the Minotaur Fighter began the quest for the Orb.
     0 | D:1      | Reached XP level 1. HP: 19/19 MP: 0/0
   187 | D:1      | Reached skill level 4 in Shields
   187 | D:1      | Reached XP level 2. HP: 20/27 MP: 1/1
   804 | D:2      | Reached XP level 3. HP: 30/33 MP: 2/2
   921 | D:2      | Noticed Jessica
   921 | D:2      | Noticed Robin
   969 | D:2      | Killed Robin
   971 | D:2      | Killed Jessica
   971 | D:2      | Reached XP level 4. HP: 14/40 MP: 3/3
  1665 | D:3      | Noticed Terence
  1670 | D:3      | Reached skill level 5 in Shields
  1674 | D:3      | Killed Terence
  1674 | D:3      | Reached XP level 5. HP: 46/46 MP: 4/4
  1793 | D:3      | Noticed Ijyb
  1813 | D:3      | Killed Ijyb
  1846 | D:3      | Noticed Natasha
  1857 | D:3      | Killed Natasha
  1893 | D:3      | Noticed Sigmund
  1912 | D:3      | Killed Sigmund
  1912 | D:3      | Reached skill level 5 in Long Blades
  1912 | D:3      | Reached skill level 1 in Stealth
  1912 | D:3      | Reached XP level 6. HP: 55/55 MP: 5/5
  2024 | D:3      | Found a hide-covered altar of Uskayaw.
  2033 | D:3      | Found a shadowy altar of Dithmenos.
  2042 | D:3      | Found a deep blue altar of Sif Muna.
  2145 | D:3      | Noticed Natasha
  2150 | D:3      | Killed Natasha
  2229 | D:3      | Noticed Natasha
  2244 | D:3      | Killed Natasha
  2365 | D:4      | Reached XP level 7. HP: 60/60 MP: 6/6
  2391 | D:4      | Found a white marble altar of Elyvilon.
  2543 | D:4      | Found Vumaasch's Magic Scroll Shop.
  2547 | D:4      | Reached skill level 5 in Fighting
  2569 | D:4      | Bought a scroll of enchant armour for 97 gold pieces
  2569 | D:4      | Bought a scroll of magic mapping for 45 gold pieces
  2603 | D:4      | Reached skill level 6 in Shields
  2623 | D:4      | Found a burning altar of Makhleb.
  2624 | D:4      | Found a radiant altar of Vehumet.
  2625 | D:4      | Reached skill level 5 in Armour
  2728 | D:4      | Found a basalt altar of Yredelemnul.
  2783 | D:4      | Found a staircase to the Ecumenical Temple.
  2797 | Temple   | Entered the Ecumenical Temple
  3067 | D:5      | Entered Level 5 of the Dungeon
  3092 | D:5      | Found a sand-covered staircase.
  3097 | Ossuary  | Entered an ossuary
  3431 | D:5      | Noticed Blork the orc
  3443 | D:5      | Noticed Menkaure
  3455 | D:5      | Killed Blork the orc
  3461 | D:5      | Killed Menkaure
  3461 | D:5      | Reached skill level 7 in Shields
  3461 | D:5      | Reached XP level 8. HP: 8/69 MP: 1/7
  3777 | D:5      | Found an opulent altar of Gozag.
  3987 | D:5      | Reached skill level 8 in Shields
  3992 | D:5      | Noticed Edmund
  4012 | D:5      | Killed Edmund
  4015 | D:5      | Found an ornate altar of the Wu Jian Council.
  4169 | D:5      | Found a shadowy altar of Dithmenos.
  4519 | D:6      | Reached XP level 9. HP: 65/75 MP: 6/8
  4563 | D:6      | Reached skill level 9 in Shields
  4761 | D:6      | Found a hazy altar of Hepliaklqana.
  4762 | D:6      | Found a shimmering altar of Xom.
  4763 | D:6      | Noticed a spectral ugly thing
  5202 | D:7      | Noticed Duvessa
  5202 | D:7      | Noticed Dowan
  5216 | D:7      | Killed Duvessa
  5227 | D:7      | Killed Dowan
  5301 | D:7      | Got a fine short sword
  5302 | D:7      | Identified the +4 short sword of the Forest {pierce, -Tele rC+ Str+2} (You found it on level 7 of the Dungeon)
  5745 | D:8      | Reached skill level 1 in Short Blades
  5745 | D:8      | Reached skill level 10 in Shields
  5772 | D:8      | Reached skill level 1 in Dodging
  5832 | D:8      | Noticed Joseph
  5853 | D:8      | Killed Joseph
  5878 | D:8      | Reached XP level 10. HP: 75/86 MP: 7/9
  5939 | D:8      | Got a smoking shield
  5945 | D:8      | Identified the +3 shield of Morality {rCorr} (You found it on level 8 of the Dungeon)
  6241 | D:8      | Reached skill level 11 in Shields
  6262 | D:8      | Noticed a two-headed ogre
  6276 | D:8      | Killed a two-headed ogre
  6276 | D:8      | Reached skill level 5 in Short Blades
  7360 | D:9      | Noticed Grum
  7389 | D:9      | Killed Grum
  7811 | D:9      | Got an encrusted war axe
  7875 | D:9      | Noticed a two-headed ogre
  7886 | D:9      | Killed a two-headed ogre
  7886 | D:9      | Reached skill level 12 in Shields
  7903 | D:9      | Found a glowing silver altar of Zin.
  8184 | D:9      | Noticed a two-headed ogre
  8186 | D:9      | Noticed a two-headed ogre
  8260 | D:8      | Killed a two-headed ogre
  8260 | D:8      | Reached XP level 11. HP: 28/94 MP: 7/10
  8272 | D:9      | Killed a two-headed ogre
  8882 | D:9      | Found an iron altar of Okawaru.
  8895 | D:9      | Became a worshipper of Warmaster Okawaru
  9017 | D:10     | Entered Level 10 of the Dungeon
  9315 | D:10     | Reached * piety under Okawaru
  9349 | D:10     | Identified the Almanac of the Thirteen Scars
  9413 | D:10     | Noticed a two-headed ogre
  9420 | D:10     | Killed a two-headed ogre
  9420 | D:10     | Reached skill level 13 in Shields
  9842 | D:10     | Found a staircase to the Lair.
  9942 | D:10     | Noticed a two-headed ogre
  9955 | D:10     | Killed a two-headed ogre
 10007 | D:10     | Reached ** piety under Okawaru
 11198 | D:11     | Reached *** piety under Okawaru
 11219 | D:11     | Noticed a two-headed ogre
 11235 | D:11     | Killed a two-headed ogre
 11235 | D:11     | Reached skill level 14 in Shields
 11277 | D:11     | Found Sutram's Armour Shop.
 11284 | D:11     | Reached XP level 12. HP: 104/104 MP: 11/11
 11297 | D:11     | Noticed an eight-headed hydra
 11298 | D:11     | Identified the +4 war axe of Context {antimagic, +Rage rF- Int+3 Dex+3} (You found it on level 9 of the Dungeon)
 11374 | D:12     | Found a staircase to the Orcish Mines.
 11473 | D:12     | Reached **** piety under Okawaru
 11786 | D:12     | Noticed a two-headed ogre
 11805 | D:12     | Killed a two-headed ogre
 11805 | D:12     | Reached skill level 10 in Armour
 11996 | D:12     | Reached ***** piety under Okawaru
 12016 | D:12     | Noticed a two-headed ogre
 12024 | D:12     | Killed a two-headed ogre
 12034 | D:12     | Noticed a four-headed hydra
 12044 | D:12     | Noticed a five-headed hydra
 12064 | D:11     | Noticed a two-headed ogre
 12082 | D:11     | HP: 3/105 [two-headed ogre/giant club (9)]
 12086 | D:11     | Killed a four-headed hydra
 12086 | D:11     | Reached skill level 1 in Maces & Flails
 12091 | D:11     | Killed a two-headed ogre
 12091 | D:11     | Reached skill level 15 in Shields
 12094 | D:11     | Reached skill level 10 in Short Blades
 12098 | D:11     | HP: 3/106 [something (5)]
 12910 | D:12     | Found Nuimait's Antique Armour Shop.
 13042 | D:12     | Noticed an ice dragon
 13099 | D:11     | Killed a five-headed hydra
 13099 | D:11     | Received a gift from Okawaru
 13350 | D:12     | Noticed a two-headed ogre
 13376 | D:11     | Killed a two-headed ogre
 13574 | Lair:1   | Entered Level 1 of the Lair of Beasts
 13592 | Lair:1   | Reached skill level 10 in Fighting
 14694 | Lair:2   | Reached skill level 10 in Long Blades
 14703 | Lair:2   | Noticed a four-headed hydra
 14721 | Lair:2   | Killed a four-headed hydra
 14964 | Lair:2   | Reached XP level 13. HP: 113/113 MP: 12/12
 15105 | Lair:2   | Received a gift from Okawaru
 15836 | Lair:2   | Reached skill level 16 in Shields
 17233 | Lair:4   | Found a staircase to the Swamp.
 17275 | Lair:4   | Reached ****** piety under Okawaru
 17371 | Lair:4   | Found the +3 hat of Pondering {ponderous, MR+ MP+10 Int+5}
 17527 | Lair:4   | Found a staircase to the Snake Pit.
 17599 | Lair:4   | Received a gift from Okawaru
 17606 | Lair:4   | Got a crude troll leather armour {god gift}
 17617 | Lair:4   | Identified the +2 troll leather armour of Xorr {rF- Regen+ Str+8 Stlth+} (Okawaru gifted it to you on level 4 of the Lair of Beasts)
 18018 | Lair:4   | Noticed Urug
 18028 | Lair:4   | Killed Urug
 18484 | Lair:5   | Reached skill level 17 in Shields
 18643 | Lair:5   | Noticed Josephine
 18664 | Lair:5   | Killed Josephine
 18845 | Lair:5   | Found a staircase to the Slime Pits.
 18845 | Lair:5   | Found a viscous altar of Jiyva.
 18934 | Lair:5   | Reached XP level 14. HP: 122/122 MP: 11/13
 19022 | Lair:5   | Received a gift from Okawaru
 19474 | Lair:6   | Entered Level 6 of the Lair of Beasts
 20366 | Lair:5   | Received a gift from Okawaru
 20589 | Lair:6   | Reached skill level 18 in Shields
 21055 | Lair:6   | Identified the Papyrus of Changing
 22760 | D:13     | Noticed Azrael
 22781 | D:12     | Killed Azrael
 22781 | D:12     | Reached skill level 1 in Invocations
 23386 | D:13     | Received a gift from Okawaru
 23647 | D:13     | Reached XP level 15. HP: 123/132 MP: 12/14
 24140 | D:14     | Reached skill level 19 in Shields
 24739 | D:14     | Found a gate to the Vaults.
 25211 | D:14     | Found a glowing golden altar of the Shining One.
 25335 | Orc:1    | Entered Level 1 of the Orcish Mines
 25419 | Orc:1    | Noticed Harold
 25431 | Orc:1    | Killed Harold
 25657 | Orc:2    | Entered Level 2 of the Orcish Mines
 25726 | Orc:2    | Found a frozen archway.
 25772 | IceCv    | Entered an ice cave
 26540 | IceCv    | Found an ancient bone altar of Kikubaaqudgha.
 26924 | IceCv    | Received a gift from Okawaru
 27790 | Orc:2    | Noticed an orc warlord
 27852 | Orc:2    | Killed an orc warlord
 28239 | Orc:2    | Found a roughly hewn altar of Beogh.
 28314 | Orc:2    | Found Seicaano's Antique Weapon Shop.
 28389 | Orc:2    | Found Hyups's Antique Armour Shop.
 28393 | Orc:2    | Found Budazug's Jewellery Shop.
 28522 | Orc:2    | Found Feaciy's General Store.
 28529 | Orc:2    | Bought a scroll of identify for 34 gold pieces
 28529 | Orc:2    | Bought a scroll of identify for 34 gold pieces
 28529 | Orc:2    | Bought a potion of heal wounds for 85 gold pieces
 28589 | Orc:2    | Bought a brightly glowing long sword for 238 gold pieces
 28596 | Orc:2    | Identified the +5 long sword of Cheibriados {flame, rF+ Int+6 SInv} (You bought it in a shop on level 2 of the Orcish Mines)
 28633 | Orc:2    | Bought a scroll of identify for 34 gold pieces
 28633 | Orc:2    | Bought a scroll of identify for 34 gold pieces
 28633 | Orc:2    | Bought a scroll of identify for 34 gold pieces
 28799 | Orc:2    | Found a staircase to the Elven Halls.
 29068 | Orc:2    | Reached skill level 20 in Shields
 29269 | Orc:2    | Noticed an orc warlord
 29284 | Orc:2    | Killed an orc warlord
 29543 | Orc:1    | Received a gift from Okawaru
 29806 | Orc:1    | Noticed a fire giant
 29828 | Orc:1    | Killed a fire giant
 29828 | Orc:1    | Received a gift from Okawaru
 29828 | Orc:1    | Reached XP level 16. HP: 117/141 MP: 13/16
 29913 | Orc:1    | Got a scorched battleaxe {freeze}
 30115 | Orc:1    | Got a warped hand crossbow
 30116 | Orc:1    | Identified the +1 hand crossbow "Yllouj" {freeze, rElec rN+ MR++} (You found it on level 1 of the Orcish Mines)
 30122 | Orc:1    | Got a pitted hand axe
 30123 | Orc:1    | Identified the +11 hand axe of Contradiction {chop, +Blink Stlth+} (You found it on level 1 of the Orcish Mines)
 30554 | D:15     | Entered Level 15 of the Dungeon
 30995 | D:15     | Found a staircase to the Depths.
 31059 | D:15     | Reached skill level 1 in Evocations
 31090 | D:15     | Found an opulent altar of Gozag.
 31534 | D:15     | Noticed Agnes
 31541 | D:15     | Killed Agnes
 31541 | D:15     | Reached skill level 21 in Shields
 31573 | D:15     | Noticed Louise
 31595 | D:15     | Killed Louise
 31595 | D:15     | Received a gift from Okawaru
 31598 | D:15     | Got a pair of crude boots {god gift}
 31609 | D:15     | Identified the +1 pair of boots of the Pit {Str+2} (Okawaru gifted it to you on level 15 of the Dungeon)
 32248 | Swamp:1  | Entered Level 1 of the Swamp
 32334 | Swamp:1  | Reached skill level 15 in Long Blades
 33329 | Swamp:2  | Noticed a thorn hunter
 33336 | Swamp:2  | Killed a thorn hunter
 34589 | Swamp:3  | Received a gift from Okawaru
 35013 | Swamp:3  | Reached XP level 17. HP: 152/152 MP: 17/17
 35024 | Swamp:3  | Reached skill level 22 in Shields
 35266 | Swamp:4  | Entered Level 4 of the Swamp
 35687 | Swamp:4  | Got a pair of encrusted boots
 35698 | Swamp:4  | Identified the +4 pair of boots "Hiebal" {Str-3 Int+5} (You found it on level 4 of the Swamp)
 35816 | Swamp:4  | Noticed the 27-headed Lernaean hydra
 35824 | Swamp:4  | Killed the 21-headed Lernaean hydra
 36582 | Swamp:4  | Received a gift from Okawaru
 36795 | Swamp:4  | Got a decaying rune of Zot
 37639 | Snake:1  | Entered Level 1 of the Snake Pit
 37688 | Snake:1  | Identified a scroll of acquirement
 37867 | Snake:1  | Reached skill level 15 in Armour
 38012 | Snake:1  | Noticed Nikola
 38024 | Snake:1  | Killed Nikola
 38449 | Snake:1  | You fall through a shaft!
 38832 | Snake:2  | Got an encrusted hand crossbow
 38836 | Snake:2  | Identified the cursed +1 hand crossbow of the People {flame, rF+ rC+ Int+2} (You found it on level 2 of the Snake Pit)
 39496 | Snake:2  | Reached skill level 23 in Shields
 40121 | Snake:1  | Received a gift from Okawaru
 41538 | Snake:3  | Reached XP level 18. HP: 127/162 MP: 18/18
 41709 | Snake:3  | Received a gift from Okawaru
 41794 | Snake:3  | Found a hide-covered altar of Uskayaw.
 42091 | Snake:3  | Reached skill level 15 in Fighting
 42206 | Snake:4  | Entered Level 4 of the Snake Pit
 44353 | Snake:4  | Reached skill level 24 in Shields
 44618 | Snake:4  | Received a gift from Okawaru
 45678 | Snake:4  | Got a serpentine rune of Zot
 46018 | Vaults:1 | Entered Level 1 of the Vaults
 46448 | Vaults:1 | Got a translucent spear {holy}
 46456 | Vaults:1 | Received a gift from Okawaru
 46473 | Vaults:1 | Got a crude large shield {god gift}
 46484 | Vaults:1 | Identified the +8 large shield of Indecent Exposure {Regen+ Int+4 SInv} (Okawaru gifted it to you on level 1 of the Vaults)
 46670 | Vaults:1 | Reached XP level 19. HP: 172/172 MP: 19/19
 47487 | Vaults:1 | Reached skill level 25 in Shields
 47506 | Vaults:1 | Received a gift from Okawaru
 47794 | Elf:1    | Entered Level 1 of the Elven Halls
 47830 | Elf:1    | Noticed Asterion
 47845 | Elf:1    | Killed Asterion
 48206 | Elf:1    | Noticed Donald
 48215 | Elf:1    | Killed Donald
 48630 | Elf:1    | Identified the Guide on Combat Magic
 49190 | Elf:2    | Received a gift from Okawaru
 49634 | Elf:2    | Reached skill level 5 in Dodging
 49737 | Elf:2    | Found a runed gate.
 49737 | Elf:2    | Found a runed gate.
 49737 | Elf:2    | Found a runed gate.
 50012 | Elf:2    | Received a gift from Okawaru
 50012 | Elf:2    | Reached XP level 20. HP: 180/184 MP: 20/20
 50426 | Elf:2    | Received a gift from Okawaru
 50429 | Elf:2    | Got an encrusted scimitar {god gift}
 50653 | Elf:2    | Identified the +2 scimitar of Light {holy, *Rage rC+ Int+5} (Okawaru gifted it to you on level 2 of the Elven Halls)
 50712 | Elf:2    | Reached skill level 26 in Shields
 50773 | Elf:3    | Entered Level 3 of the Elven Halls
 51265 | Elf:3    | Cast into level 3 of the Abyss (a deep elf sorcerer)
 51313 | Abyss:3  | Found a corrupted altar of Lugonu.
 51363 | Abyss:3  | Noticed a bone dragon
 51367 | Abyss:3  | Got an ivory long sword
 51380 | Abyss:3  | Killed a bone dragon
 51462 | Abyss:3  | Found a corrupted altar of Lugonu.
 51463 | Abyss:3  | Identified the cursed +0 long sword "Unakourr" {slice, rElec Str+4 Int-5} (You found it on level 3 of the Abyss)
 51518 | Abyss:3  | Found a corrupted altar of Lugonu.
 51547 | Abyss:3  | Killed from afar by a raiju

Skill      XL: |  1  2  3  4  5  6  7  8  9 10 11 12 13 14 15 16 17 18 19 20 |
---------------+-------------------------------------------------------------+-----
Shields        | 4 5 7 8 10 12 14 15 17 18 20 21 23 24 25 26 | 26.2
Fighting       | 4 5 6 7 8 9 10 11 12 14 16 17 | 17.5
Armour         | 4 5 6 7 8 9 11 12 13 14 15 16 | 16.5
Long Blades    | 3 5 6 8 9 10 11 13 14 15 16 17 18 | 18.1
Stealth        | 1 2 3 |  3.0
Short Blades   | 3 7 8 10 | 10.1
Dodging        | 1 2 3 4 5 |  5.0
Maces & Flails | 2 4 |  4.2
Invocations    | 1 |  1.7
Evocations     | 1 |  1.4

Action                   |  1- 3 |  4- 6 |  7- 9 | 10-12 | 13-15 | 16-18 | 19-21 || total
-------------------------+-------+-------+-------+-------+-------+-------+-------++-------
Melee: Long sword        |   110 |   134 |   444 |    94 |  1448 |  1242 |       ||  3472
       Headbutt          |    14 |    17 |   100 |   268 |   589 |   521 |   215 ||  1724
       Short sword       |       |       |    68 |   748 |       |       |       ||   816
       Whip              |       |       |       |    43 |    58 |       |       ||   101
       Scimitar          |       |       |       |       |   601 |       |       ||   601
       Demon blade       |       |       |       |       |   186 |       |       ||   186
       Double sword      |       |       |       |       |       |   659 |   849 ||  1508
Invok: Heroism           |       |       |       |     3 |    30 |     8 |       ||    41
       Finesse           |       |       |       |       |     2 |       |       ||     2
Evoke: Wand              |       |     1 |     3 |       |     8 |     5 |       ||    17
  Use: Potion            |     1 |       |     4 |     4 |     2 |     5 |     1 ||    17
       Scroll            |       |     4 |     3 |     4 |    21 |    16 |     6 ||    54
 Stab: Paralysed         |       |     7 |       |       |       |       |       ||     7
  Eat: Chunk             |       |     5 |    16 |    24 |    32 |    25 |    12 ||   114
       Ration            |       |       |       |     2 |     7 |     9 |     1 ||    19
Armor: Plate armour      |   123 |    81 |   154 |   301 |   562 |   740 |   107 ||  2068
       Scale mail        |     2 |       |       |       |       |       |       ||     2
Dodge: Dodged            |    26 |    22 |    36 |   151 |   405 |   498 |    65 ||  1203
Block: Shield            |    83 |    63 |    28 |   106 |       |   353 |       ||   633
       Large shield      |       |       |   387 |   870 |  2547 |  2031 |   881 ||  6716
       Reflection        |       |       |     3 |    35 |    57 |   162 |       ||   257
       Rpst.: Long sword |     6 |     9 |     8 |    11 |    59 |    54 |       ||   147
       Scimitar          |       |       |       |       |    21 |       |       ||    21
       Demon blade       |       |       |       |       |     3 |       |       ||     3
       Double sword      |       |       |       |       |       |    27 |     9 ||    36
